 Dungeon Crawl Stone Soup version 0.28.0-43-g3370ac3207 (webtiles) character file.

Game seed: 8433225226807321932

92 sking99 the Sneak (level 4, -3/28 HPs)
             Began as an Octopode Enchanter on Mar 25, 2022.
             Was an Initiate of Kikubaaqudgha.
             Slain by an orc
             ... wielding a +0 flail
              (6 damage)
             ... in the Ecumenical Temple.
             The game lasted 00:06:07 (2867 turns).

sking99 the Sneak (Octopode Enchanter)              Turns: 2867, Time: 00:06:07

Health: -3/28      AC:  1    Str:  7    XL:     4   Next: 60%
Magic:  4/7        EV: 13    Int: 19    God:    Kikubaaqudgha [......]
Gold:   111        SH:  0    Dex: 12    Spells: 5/7 levels left

rFire   . . .      SeeInvis .   a - +1 dagger
rCold   . . .      Faith    .   (no shield)
rNeg    . . .      Spirit   .   (helmet restricted)
rPois   .          Reflect  .   (no amulet)
rElec   .          Harm     .   (no ring)
rCorr   .          Rampage  .   (no ring)
Will    .....                   (no ring)
Stlth   +++.......              (no ring)
HPRegen 0.09/turn               (no ring)
MPRegen 0.10/turn               (no ring)
                                (no ring)
                                (no ring)

@: confused
A: almost no armour, amphibious, 8 rings, camouflage 1, gelatinous body 1,
nimble swimmer 1, tentacles
a: Renounce Religion


You were in the Ecumenical Temple.
You worshipped Kikubaaqudgha.
Kikubaaqudgha was noncommittal.
You visited 2 branches of the dungeon, and saw 5 of its levels.

You collected 111 gold pieces.

Inventory:

Hand Weapons
 a - a +1 dagger (weapon)
Jewellery
 c - a ring of poison resistance
Scrolls
 g - 2 scrolls of teleportation
Potions
 b - a potion of brilliance {unknown}
 d - a potion of mutation {unknown}
 e - a potion of heal wounds {unknown}
 h - a potion of haste {unknown}


   Skills:
 + Level 1.5 Fighting
 * Level 2.6 Short Blades
 - Level 2.1 Dodging
 + Level 4.6 Stealth
 - Level 2.0 Spellcasting
 + Level 3.3 Hexes
 + Level 1.0 Ice Magic


You had 5 spell levels left.
You knew the following spells:

 Your Spells              Type           Power      Damage    Failure   Level
a - Ensorcelled Hibernat  Hex/Ice        20%        N/A       11%         2

Your spell library contained the following spells:

 Spells                   Type           Power      Damage    Failure   Level
 Confusing Touch          Hex            14%        N/A       13%         3
 Tukima's Dance           Hex            14%        N/A       13%         3
 Dazzling Flash           Conj/Hex       16%        N/A       26%         3


Dungeon Overview and Level Annotations

Branches:
Dungeon (4/15)             Temple (1/1) D:4

Altars:
Ashenzari
Hepliaklqana
Kikubaaqudgha
Makhleb
Nemelex Xobeh
Okawaru
Ru
Sif Muna
Uskayaw
Vehumet
Yredelemnul
The Shining One


Innate Abilities, Weirdness & Mutations

You cannot wear most types of armour.
You are amphibious.
You can wear up to eight rings at the same time.
Your skin changes colour to match your surroundings (Stealth+).
Your rubbery body absorbs attacks. (AC +1, EV +1)
You are camouflaged when in or above water. (Stealth+)
You have tentacles for arms and can constrict up to eight enemies at once.


Message History

You are frozen.
The orc wizard barely misses you.
You hit the orc wizard but do no damage.
The orc wizard is lightly wounded.
You constrict the orc wizard. The orc barely misses you.
The endoplasm hits you. The orc wizard casts a spell at you.
You resist with some effort.
You hit the orc wizard but do no damage.
You squeeze the orc wizard, but do no damage.
The orc wizard is lightly wounded.
You constrict the orc wizard. The orc closely misses you.
The endoplasm hits you.
You hit the orc wizard.
The orc wizard is moderately wounded.
You constrict the orc wizard, but do no damage.
The orc wizard closely misses you. The orc misses you.
The endoplasm barely misses you.
You hit the orc wizard but do no damage.
The orc wizard is moderately wounded.
You constrict the orc wizard, but do no damage.
The orc wizard hits you with a +0 dagger.
The orc barely misses you. The endoplasm closely misses you.
You release your grip on the orc wizard.
The orc wizard hits you with a +0 dagger.
* * * LOW HITPOINT WARNING * * *
The orc wizard hits you with a +0 dagger.
* * * LOW HITPOINT WARNING * * *
There is a shimmering blue altar of Sif Muna here.
The orc wizard points at you and mumbles some strange words.
You are confused.
The endoplasm freezes you.
You are frozen.
* * * LOW HITPOINT WARNING * * *
Okay, then.
The orc wizard gestures wildly while chanting.
The orc wizard flickers and vanishes!
Deactivating autopickup; reactivate with Ctrl-A.
The endoplasm closely misses you. The orc hits you with a +0 flail.
You die...
Kikubaaqudgha rasps: "You have failed me!
Welcome... death!"

.......# #.......#
.......###.......##
...._...#..._.<...#
..............?..8#
.._.....≈....._...#
.......≈≈≈.......##
.......≈≈≈.......##
.≈...≈≈≈≈≈≈≈...≈{o#
≈≈≈≈≈≈≈≈≈≈≈≈≈≈≈≈@J####
≈≈≈≈≈≈≈≈≈≈≈≈≈≈≈≈≈....###
.≈≈≈≈≈≈≈≈≈≈≈≈≈≈≈......8#
.≈≈≈≈≈≈≈≈≈≈≈≈≈≈≈.......##
..≈≈≈≈≈≈≈≈≈≈≈≈≈..._.....#
..≈≈≈≈≈≈≈≈≈≈≈≈≈.........#
..≈≈≈≈≈≈≈≈≈≈≈≈≈..._.....#
.≈≈≈≈≈≈≈≈≈≈≈≈≈≈≈.......##
.≈≈≈≈≈≈≈≈≈≈≈≈≈≈≈......8#


You could see an orc and an endoplasm.

Vanquished Creatures
  A hound (D:3)
  An adder (D:2)
  A dart slug (D:2)
  An orc (Temple)
  6 endoplasms
  A giant cockroach (D:2)
  5 hobgoblins
  2 jackals (D:1)
  4 kobolds
  3 quokkas
  8 ball pythons
  4 bats
  2 frilled lizards
  4 goblins
  2 rats (D:1)
45 creatures vanquished.

Vanquished Creatures (others)
  A fungus (D:1)
1 creature vanquished.

Grand Total: 46 creatures vanquished

Notes
Turn   | Place    | Note
-------+----------+-------------------------------------------
     0 | D:1      | sking99 the Octopode Enchanter began the quest for the Orb.
     0 | D:1      | Reached XP level 1. HP: 11/11 MP: 3/3
   174 | D:1      | Reached XP level 2. HP: 18/18 MP: 5/5
   177 | D:1      | Learned a level 2 spell: Ensorcelled Hibernation
   429 | D:1      | Found a faded altar of an unknown god.
   478 | D:1      | Reached skill level 1 in Fighting
   769 | D:1      | Reached XP level 3. HP: 23/23 MP: 6/6
  1129 | D:2      | Found an ancient bone altar of Kikubaaqudgha.
  1146 | D:2      | Became a worshipper of Kikubaaqudgha
  1399 | D:2      | HP: 1/23 [poisoned by an adder]
  2114 | D:3      | Reached XP level 4. HP: 27/28 MP: 7/7
  2123 | D:3      | Reached skill level 1 in Ice Magic
  2211 | D:3      | You fall into a shaft and drop 1 floor!
  2223 | D:4      | Found a staircase to the Ecumenical Temple.
  2238 | Temple   | Entered the Ecumenical Temple
  2867 | Temple   | Slain by an orc

Illustrated notes

Levels and vault maps discovered:
D:1:      tarquinn_simple_flora_water_f, layout_loops_ring,
          shapermc_ecumenical_altar_ellora
D:2:      layout_loops_ring, basic_altar
D:3:      layout_rooms, general_overflow_altar, uniq_grinder, uniq_robin
D:4:      layout_cave_pools, nzn_wu_jian_council_hall, minmay_temple_entry_mist,
          serial_shops, nicolae_shop_hallway_stairs
Temple:   nicolae_temple_hex_pool

Skill      XL: |  1  2  3  4 |
---------------+-------------+-----
Fighting       | 1 |  1.5
Short Blades   | 2 |  2.6
Ice Magic      | 1 |  1.0
Dodging        | |  2.1
Stealth        | |  4.6
Spellcasting   | |  2.0
Hexes          | |  3.3

Action                   |  1- 3 |  4- 6 || total
-------------------------+-------+-------++-------
Melee: Dagger            |    67 |    21 ||    88
       Constrict         |    11 |     2 ||    13
       Tentacles         |     7 |     4 ||    11
 Cast: Ensorcelled Hiber |     5 |     7 ||    12
  Use: Scroll            |     3 |       ||     3
       Potion            |     1 |       ||     1
 Stab: Sleeping          |    25 |     4 ||    29
Armor: Skin              |     4 |     5 ||     9
Dodge: Dodged            |    41 |    20 ||    61
